 Dungeon Crawl Stone Soup version 0.30-a0-939-gc8157cb160 (webtiles) character file.

Game seed: 15639367774122829256

770 cforsyth the Trooper (level 7, -2/23 (40) HPs)
             Began as a Vine Stalker Fighter on Mar 25, 2023.
             Slain by a wight
             ... wielding a +1 hand axe of draining
              (4 damage)
             ... on level 6 of the Dungeon.
             The game lasted 00:06:47 (4042 turns).

cforsyth the Trooper (Vine Stalker Fighter)         Turns: 4042, Time: 00:06:47

HP:   -2/23 (40)    AC: 13    Str: 21    XL:     7   Next: 82%
MP:   0/8           EV:  5    Int:  8    God:
Gold: 194           SH:  5    Dex: 19    Spells: 6/6 levels left

rFire   . . .      SeeInvis .    a - +0 rapier
rCold   . . .      Faith    +    c - +0 buckler
rNeg    . . .      Spirit   +    z - +1 plate armour {rPois}
rPois   +          Reflect  .    (no helmet)
rElec   .          Rampage  .    f - +0 cloak
rCorr   .                        (no gloves)
Will    +....                    (no boots) Stlth
                                 r - amulet of faith
HPRegen 1.03/turn                o - +6 ring of dexterity
MPRegen 0.11/turn                q - ring of willpower

@: very heavily drained
A: fangs 2, regeneration 1, magic shield, antimagic bite, no potion heal 2
a: no special abilities


You were on level 6 of the Dungeon.
You visited 2 branches of the dungeon, and saw 7 of its levels.

You collected 194 gold pieces.

Inventory:

Hand Weapons
 a - a +0 rapier (weapon)
Armour
 b - a +0 scale mail
 c - a +0 buckler (worn)
 f - a +0 cloak (worn)
 z - a +1 plate armour of poison resistance (worn)
Jewellery
 n - a ring of fire
 o - a +6 ring of dexterity (left hand)
 q - a ring of willpower (right hand)
 r - an amulet of faith (around neck)
Wands
 A - a wand of roots (28)
 C - a wand of digging (6)
Scrolls
 e - 2 scrolls of enchant armour {unknown}
 h - 3 scrolls of teleportation {unknown}
 j - a scroll of immolation {unknown}
 k - 3 scrolls of noise {unknown}
 m - a scroll of poison {unknown}
 s - 2 scrolls of enchant weapon {unknown}
 x - 4 scrolls of identify {unknown}
 y - a scroll of fear {unknown}
 B - a scroll of blinking {unknown}
 F - a scroll of summoning {unknown}
Potions
 d - a potion of might
 g - 2 potions of haste {unknown}
 i - 3 potions of flight {unknown}
 l - a potion of degeneration {unknown}
 p - a potion of mutation {unknown}
 t - 3 potions of attraction {unknown}
 u - 5 potions of heal wounds {unknown}
 v - a potion of brilliance {unknown}
 w - 2 potions of berserk rage {unknown}
 D - 2 potions of curing {unknown}
 E - 2 potions of invisibility {unknown}


   Skills:
 + Level 6.1 Fighting
 + Level 5.7 Short Blades
 - Level 2.4 Armour
 - Level 2.6 Shields


You had 6 spell levels left.
You didn't know any spells.
Your spell library contained the following spells:

 Spells                   Type           Power      Damage    Failure   Level
 Apportation              Tloc           0%         N/A       100%        1
 Magic Dart               Conj           0%         1d3       100%        1
 Sting                    Tmut/Pois      0%         1d3       100%        1
 Cigotuvi's Dreadful Rot  Necr/Pois/Air  0%         N/A       100%        2
 Poisonous Vapours        Pois/Air       0%         N/A       100%        2
 Searing Ray              Conj           0%         2d4       100%        2
 Sublimation of Blood     Necr           0%         N/A       100%        2
 Ignite Poison            Fire/Tmut/Pois 0%         N/A       100%        3
 Kindle Blastsparks       Fire/Tloc/Air  0%         2d10      100%        3
 Mephitic Cloud           Conj/Pois/Air  0%         N/A       100%        3
 Fulminant Prism          Conj/Hex       0%         3d5       100%        4
 Petrify                  Tmut/Erth      0%         N/A       100%        4
 Alistair's Intoxication  Tmut/Pois      0%         N/A       100%        5
 Freezing Cloud           Conj/Ice/Air   0%         6-21      100%        5
 Irradiate                Conj/Tmut      0%         3d11      100%        5


Dungeon Overview and Level Annotations

Branches:
Dungeon (6/15)             Temple (1/1) D:6

Altars:
Ashenzari
Cheibriados
Dithmenos
Fedhas
Gozag
Hepliaklqana
Kikubaaqudgha
Makhleb
Nemelex Xobeh
Okawaru
Qazlal
Sif Muna
Trog
Vehumet
Wu Jian

Shops:
D:1 *


Innate Abilities, Weirdness & Mutations

You have extremely sharp teeth.
Your natural rate of healing is unusually fast.
When hurt, damage is shared between your health and your magic reserves.
Your bite disrupts and absorbs the magic of your enemies.
Potions cannot restore your health.


Message History

The centaur shoots an arrow.
The arrow hits you.
The centaur shoots an arrow.
The arrow hits you but does no damage.
You hit the wight but do no damage. The wight hits you but does no damage.
You feel drained.
The centaur shoots an arrow.
The arrow hits you.
You hit the wight. You bite the wight. You drain its power.
You feel invigorated.
The wight is heavily damaged.
The centaur shoots an arrow.
You block the arrow. The wight hits you but does no damage.
You feel drained.
The centaur shoots an arrow.
The arrow hits you!
You hit the wight. You bite the wight, but do no damage.
The wight is severely damaged.
The wight hits you with a +1 hand axe of draining.
You feel drained. x2; The centaur shoots an arrow.
The arrow hits you.
You are too injured to fight recklessly!
You are too injured to fight recklessly!
You are too injured to fight recklessly!
You are too injured to fight recklessly!
You are too injured to fight recklessly!
The wight attacks as you move away! The wight hits you but does no damage.
You feel drained.
The centaur shoots an arrow.
You block the arrow. The wight attacks as you move away!
The wight barely misses you. The wight attacks as you move away!
The wight hits you but does no damage.
You feel drained. The wight attacks as you move away!
The wight hits you with a +1 hand axe of draining!
You feel drained. x2
* * * LOW HITPOINT WARNING * * *
The centaur shoots an arrow.
The arrow hits you but does no damage.
The centaur shoots an arrow.
The arrow hits you.
* * * LOW HITPOINT WARNING * * *
The wight attacks as you move away!
The wight hits you with a +1 hand axe of draining.
* * * LOW HITPOINT WARNING * * *
You feel drained. x2
* * * LOW HITPOINT WARNING * * *
The centaur shoots an arrow.
The arrow hits you but does no damage. The wight attacks as you move away!
The wight hits you with a +1 hand axe of draining.
You die...

...# #.. +### # #.. .##..######
.........
######'####.#...)##+####
#........##......#.....#
#.....z..##......#.....#
#.......c##......:.)...#
#........##...z@..>....#
#........##....##......########
.........#.....###............#
.........#c....+..............#
...###...z.....##...###.......#
#.........##...#......<..#
+.........#....#.........#
#.........+....#....######
####......##...#....#


You could see a centaur and 2 wights.

Vanquished Creatures
  2 black bears (D:5)
  A bullfrog (D:4)
  A scorpion (D:4)
  A wight (D:5)
  A howler monkey (D:4)
  2 hounds
  A jelly (D:5)
  Ijyb (D:4)
  Jessica (D:2)
  4 iguanas
  4 adders
  A white imp (D:5)
  2 worms
  2 dart slugs
  3 orcs
  3 ball pythons
  5 endoplasms
  A giant cockroach (D:3)
  4 goblins
  6 hobgoblins
  5 jackals
  11 kobolds
  5 quokkas
  6 bats
  5 frilled lizards
  2 rats
80 creatures vanquished.

Vanquished Creatures (others)
  3 plants (D:1)
3 creatures vanquished.

Grand Total: 83 creatures vanquished

Notes
Turn   | Place    | Note
-------+----------+-------------------------------------------
     0 | D:1      | cforsyth the Vine Stalker Fighter began the quest for the
                  | Orb.
     0 | D:1      | Reached XP level 1. HP: 11/11 MP: 2/2
   168 | D:1      | Reached XP level 2. HP: 16/16 MP: 3/3
   308 | D:1      | Found Obrawnir's Assorted Antiques.
   328 | D:1      | Reached skill level 3 in Fighting
   749 | D:1      | Reached XP level 3. HP: 17/20 MP: 4/4
  1276 | D:2      | Noticed Jessica
  1280 | D:2      | Killed Jessica
  1281 | D:2      | Gained mutation: Your natural rate of healing is unusually
                  | fast. [Vine Stalker growth]
  1281 | D:2      | Reached XP level 4. HP: 23/25 MP: 3/5
  1559 | D:3      | Found a faded altar of an unknown god.
  1571 | D:3      | Got Plato's Compilation of the Buccaneer
  1603 | D:3      | Found an ornate altar of the Wu Jian Council.
  2366 | D:4      | Reached skill level 4 in Fighting
  2366 | D:4      | Reached XP level 5. HP: 26/29 MP: 2/6
  2443 | D:4      | Found a sparkling altar of Nemelex Xobeh.
  2487 | D:4      | Found a hazy altar of Hepliaklqana.
  2488 | D:4      | Noticed Ijyb
  2564 | D:4      | Killed Ijyb
  2565 | D:4      | Reached XP level 6. HP: 28/34 MP: 4/7
  2648 | D:4      | Found a broken altar of Ashenzari.
  2652 | D:4      | Saw a vision of the Shoals and the Snake Pit.
  2652 | D:4      | Noticed a manticore
  2652 | D:4      | Noticed a merfolk avatar
  2652 | D:4      | Noticed a merfolk impaler
  2652 | D:4      | Noticed a snapping turtle
  2652 | D:4      | Noticed a skyshark
  2652 | D:4      | Noticed a water nymph
  2652 | D:4      | Noticed a harpy
  2652 | D:4      | Noticed a naga ritualist
  2652 | D:4      | Noticed a black mamba
  2652 | D:4      | Noticed a shock serpent
  2652 | D:4      | Noticed a naga warrior
  2652 | D:4      | Noticed a shock serpent
  2652 | D:4      | Noticed a naga
  2652 | D:4      | Noticed a harpy
  2652 | D:4      | Noticed a sea snake
  2653 | D:4      | Noticed a sea snake
  2966 | D:4      | Reached skill level 5 in Fighting
  2988 | D:4      | Found a burning altar of Makhleb.
  3020 | D:5      | Entered Level 5 of the Dungeon
  3020 | D:5      | Noticed a black bear
  3033 | D:5      | Killed a black bear
  3034 | D:5      | Reached XP level 7. HP: 21/39 MP: 5/8
  3137 | D:5      | Reached skill level 5 in Short Blades
  3719 | D:5      | Reached skill level 6 in Fighting
  3794 | D:6      | Found a staircase to the Ecumenical Temple.
  3833 | Temple   | Entered the Ecumenical Temple
  4041 | D:6      | HP: 1/23 [wight/+1 hand axe of draining (1)]
  4042 | D:6      | Slain by a wight

Illustrated notes

Levels and vault maps discovered:
D:1:      elethiomel_arrival_shortcut, layout_loops_ring, serial_shops,
          nicolae_shop_crystal, serial_forest, infiniplex_forest_lined_room_2,
          infiniplex_forest_straight_4, infiniplex_forest_clump_tiny,
          infiniplex_forest_end_double, infiniplex_forest_zigzag_1,
          lexackson_kobold_supper
D:2:      layout_rooms, uniq_jessica
D:3:      layout_basic, nzn_wu_jian_contemplation,
          shapermc_ecumenical_altar_rom_forum
D:4:      layout_rooms, grunt_ashenzari_visionary
          [grunt_ashenzari_visionary_shoals, grunt_ashenzari_visionary_snake],
          mainiacjoe_overflow_alcove_4, jmf_multi_god_temple, uniq_ijyb
D:5:      layout_loops_ring
D:6:      kennysheep_windowed_halls, layout_basic, minmay_temple_entry_offerings
Temple:   jpeg_temple_alley_garden

Skill      XL: |  1  2  3  4  5  6  7 |
---------------+----------------------+-----
Short Blades   | 2 3 4 5 |  5.7
Fighting       | 3 4 5 6 |  6.1
Armour         | |  2.4
Shields        | |  2.6

Action                     |  1- 3 |  4- 6 |  7- 9 || total
---------------------------+-------+-------+-------++-------
  Melee: Rapier            |    92 |   135 |    75 ||   302
         Bite              |    18 |    45 |    24 ||    87
 Armour: Scale mail        |    29 |    19 |       ||    48
         Plate armour      |       |    41 |    50 ||    91
  Dodge: Dodged            |    50 |    42 |    27 ||   119
  Block: Buckler           |    19 |    34 |    19 ||    72

Table legend: (Time is in decaauts)
 A = Elapsed time spent in this place.
 B = Non-inter-level travel time spent in this place.
 C = Inter-level travel time spent in this place.
 D = Time resting spent in this place.
 E = Time spent auto-exploring this place.
 F = Levels seen in this place.
 G = Mean time per level.
                   A        B        C        D        E       F      G
               +--------+--------+--------+--------+--------+-----+--------+
         Total |   4061 |   3829 |    232 |    200 |   2776 |   7 |  580.1 |
       Dungeon |   3884 |   3670 |    214 |    200 |   2677 |   6 |  647.3 |
        Temple |    176 |    158 |     18 |      0 |     99 |   1 |  176.0 |
               +--------+--------+--------+--------+--------+-----+--------+

Top non-repeatable levels by time:
     D:3: 887 daAuts
     D:1: 867 daAuts
     D:5: 770 daAuts
     D:4: 644 daAuts
     D:2: 640 daAuts
  Temple: 176 daAuts
     D:6: 74 daAuts
